 Dungeon Crawl Stone Soup version 0.19-a0-1740-g0bcaf2e (webtiles) character file.

1757 Alarkh the Reanimator (level 8, -2/52 HPs)
             Began as a Mummy Necromancer on Oct 2, 2016.
             Slain by a hippogriff (8 damage)
             ... on level 6 of the Dungeon.
             The game lasted 00:11:38 (7819 turns).

Alarkh the Reanimator (Mummy Necromancer)           Turns: 7819, Time: 00:11:39

Health: -2/52      AC:  2    Str: 11    XL:     8   Next: 79%
Magic:  20/26      EV: 12    Int: 16    God:
Gold:   88         SH:  0    Dex: 13    Spells: 2 memorised, 16 levels left

rFire  . . .     SeeInvis .     a - +0 morningstar
rCold  + . .     Gourm    .     i - +0 robe
rNeg   + + +     Faith    .     (no shield)
rPois  ∞         Spirit   .     (no helmet)
rElec  .         Dismiss  .     (no cloak)
rCorr  .         Reflect  .     (no gloves)
MR     +....     Harm     .     (no boots)
Stlth  ++........               (no amulet)
                                r - ring of magical power
                                o - ring of protection from fire

@: no status effects
A: no food or potions, fire vulnerability, cold resistance 1, negative energy
resistance 3, torment resistance, unbreathing
a: no special abilities


You were on level 6 of the Dungeon.
You were not hungry.

You visited 2 branches of the dungeon, and saw 8 of its levels.

You collected 193 gold pieces.
You spent 105 gold pieces at shops.

Inventory:

Hand Weapons
 a - a +0 morningstar (weapon)
 f - a +1 short sword of freezing
 q - a +0 flail
Armour
 i - a +0 robe (worn)
 m - a +1 robe of fire resistance
 p - a +0 robe
Jewellery
 o - a ring of protection from fire (left hand)
 r - a ring of magical power (right hand)
Wands
 c - a wand of slowing (22/48)
 v - a wand of enslavement (14/24)
Scrolls
 d - 2 scrolls of recharging
 e - 2 scrolls of identify
 g - 2 scrolls of blinking
 h - 2 scrolls of enchant weapon
 j - 3 scrolls of random uselessness
 k - a scroll of noise
 l - 3 scrolls of immolation
 n - 2 scrolls of teleportation
 s - a scroll of amnesia {unknown}
 t - 2 scrolls of fog {unknown}
 u - a scroll of enchant armour
Books
 b - a book of Necromancy

   Spells                             Type                      Level
   a - Pain                           Necromancy                   1
   b - Animate Skeleton               Necromancy                   1
   c - Vampiric Draining              Necromancy                   3
   d - Regeneration                   Charms/Necromancy            3
   e - Animate Dead                   Necromancy                   4
   f - Control Undead                 Necromancy                   4


   Skills:
 + Level 4.6 Maces & Flails
 - Level 1.5 Dodging
 - Level 1.5 Stealth
 - Level 6.6 Spellcasting
 - Level 8.0 Necromancy


You had 16 spell levels left.
You knew the following spells:

 Your Spells              Type           Power        Failure   Level  Hunger
a - Pain                  Necr           ####         1%          1    N/A
b - Vampiric Draining     Necr           ####......   1%          3    N/A

Dungeon Overview and Level Annotations

Branches:
Dungeon (7/15)             Temple (1/1) D:5

Altars:
Ashenzari
Cheibriados
Dithmenos
Elyvilon
Gozag
Hepliaklqana
Kikubaaqudgha
Makhleb
Nemelex Xobeh
Ru
Sif Muna
Uskayaw
Yredelemnul
Zin
The Shining One

Shops:
D:6 ?

Annotations:
D:3 Grinder


Innate Abilities, Weirdness & Mutations

You do not eat or drink.
Your flesh is vulnerable to fire.
You are immune to poison.
Your flesh is cold resistant. (rC+)
You are immune to negative energy. (rN+++)
You are immune to unholy pain and torment.
You can survive without breathing.


Message History

Press: ? - help, Shift-Dir - straight line, f - hippogriff
Aim: a hippogriff (moderately wounded)
The hippogriff is heavily wounded.
You feel life coursing into your body. The hippogriff bites you!
* * * LOW HITPOINT WARNING * * *
The hippogriff pecks you.
* * * LOW HITPOINT WARNING * * *
The hippogriff claws you.
* * * LOW HITPOINT WARNING * * *
Casting: Vampiric Draining
Confirm with . or Enter, or press ? or * to list all spells.
Aiming: Vampiric Draining
Press: ? - help, Shift-Dir - straight line, f/p - hippogriff
Aim: a hippogriff (heavily wounded)
The hippogriff is severely wounded.
You feel life coursing into your body. The hippogriff closely misses you.
The hippogriff pecks you!
* * * LOW HITPOINT WARNING * * *
The hippogriff claws you!
You die...

####### #.# #..##♣♣.##♣. # #.#
#.##♣♣.##♣.. # ###### #.#
#.#♣♣.##♣... ####....# #.#
#.#♣%.......
≈≈##.##.###.##########.#♣♣.##♣...
#≈##.##................# ♣♣.##♣..
#≈##.######.####.####### ♣♣.##♣.
#≈##.# #.####H# ########♣♣.##♣
≈≈##.## #....#@###......# ♣♣.##
###.#.#######....#...###### ♣♣.♣
#..###......>....#.∩.# ♣♣.
#.#.#.#######....#...###### ♣♣
#.##.## ##.#..........# ###
#.##.##### #.#.###.####.# #.#
.........#####.#.# #.# ##.## #.#
#.##.###.......#.# #.###...## #.#
#.##.# #########.###.##.<...###.#


You could see a hippogriff.

Vanquished Creatures
  Prince Ribbit (D:5)
  Sigmund (D:6)
  Duvessa (D:6)
  A sky beast (D:6)
  An ice beast (D:6)
  An ogre (D:4)
  2 bullfrogs (D:6)
  Dowan (D:6)
  2 scorpions (D:6)
  A crimson imp (D:5)
  2 bullfrog zombies
  2 orc priests (D:6)
  A hound (D:6)
  2 jellies (D:6)
  An orc wizard (D:6)
  A bullfrog skeleton (D:4)
  An iguana (D:5)
  8 worker ants
  A killer bee zombie (D:6)
  A hound zombie (D:5)
  A hound skeleton (D:4)
  10 adders
  3 shadow imps
  A worm (D:2)
  3 dart slugs
  6 leopard geckos
  10 orcs
  4 giant cockroaches
  3 goblins
  6 hobgoblins
  5 jackals
  7 kobolds
  4 quokkas
  11 bats
  9 frilled lizards
  A quokka skeleton (D:5)
  6 rats
122 creatures vanquished.

Notes
Turn   | Place    | Note
-------+----------+-------------------------------------------
     0 | D:1      | Alarkh the Mummy Necromancer began the quest for the Orb.
     0 | D:1      | Reached XP level 1. HP: 13/13 MP: 3/3
   253 | D:1      | Reached XP level 2. HP: 11/19 MP: 0/5
   976 | D:2      | Found a sacrificial altar of Ru.
  1114 | D:2      | Reached XP level 3. HP: 24/24 MP: 2/7
  1119 | D:2      | Learned a level 3 spell: Vampiric Draining
  1253 | D:2      | Found a shadowy altar of Dithmenos.
  1375 | D:2      | Reached XP level 4. HP: 19/30 MP: 5/8
  1376 | D:2      | Found a white marble altar of Elyvilon.
  1477 | D:3      | Noticed Grinder
  1587 | D:3      | Found a shattered altar of Ashenzari.
  1631 | D:3      | Reached skill level 5 in Necromancy
  2023 | D:4      | Reached XP level 5. HP: 26/35 MP: 8/10
  2897 | D:4      | Noticed an ogre
  2906 | D:4      | Killed an ogre
  2906 | D:4      | Reached skill level 6 in Necromancy
  2906 | D:4      | Reached XP level 6. HP: 18/41 MP: 3/12
  2980 | D:5      | Entered Level 5 of the Dungeon
  3197 | D:5      | Noticed Prince Ribbit
  3309 | D:5      | Killed Prince Ribbit
  3309 | D:5      | Reached skill level 5 in Spellcasting
  3476 | D:5      | Found a staircase to the Ecumenical Temple.
  3482 | D:5      | Reached XP level 7. HP: 42/46 MP: 10/14
  3492 | Temple   | Entered the Ecumenical Temple
  4101 | D:3      | Paralysed by Grinder for 5 turns
  4579 | D:3      | Paralysed by Grinder for 2 turns
  4591 | D:3      | Paralysed by Grinder for 7 turns
  4871 | D:3      | Paralysed by Grinder for 2 turns
  5053 | D:3      | Paralysed by Grinder for 6 turns
  5070 | D:3      | Paralysed by Grinder for 7 turns
  5310 | D:6      | Reached skill level 7 in Necromancy
  5564 | D:6      | Noticed Duvessa
  5582 | D:6      | Killed Duvessa
  5583 | D:6      | Noticed Dowan
  5661 | D:6      | Killed Dowan
  5880 | D:6      | Reached XP level 8. HP: 3/52 MP: 12/17
  6190 | D:6      | Found Wiykkexeh's Magic Scroll Shoppe.
  6194 | D:6      | Bought a scroll of enchant armour for 105 gold pieces
  6238 | D:6      | Noticed Sigmund
  6344 | D:6      | Found a sparkling altar of Nemelex Xobeh.
  6420 | D:6      | Reached skill level 8 in Necromancy
  6450 | D:6      | Noticed a dagger
  6450 | D:6      | Noticed a dagger
  6451 | D:6      | Found a hide-covered altar of Uskayaw.
  7177 | D:6      | Reached skill level 1 in Maces & Flails
  7424 | D:6      | Found a glowing golden altar of the Shining One.
  7522 | D:6      | Killed Sigmund
  7791 | D:7      | Noticed a hippogriff
  7819 | D:6      | Slain by a hippogriff

Vault maps used:
D:1:      dpeg_arrival_shrine
D:2:      overflow_temple_1_default, lemuel_coloured_pillars_altar,
          elyvilon_altar_3
D:3:      nicolae_ashenzari_panopticon, uniq_grinder
D:4:      first_bread
D:5:      uniq_prince_ribbit1
D:6:      kennysheep_mini_moat, dancing_weapons_uskayaw, kennysheep_mini,
          serial_shops, shop_scrolls, kennysheep_minor_cross,
          kennysheep_diamond, uniq_duvessa, uniq_sigmund
D:7:      trog_ov_bears_minmay, uniq_pikel
Temple:   nicolae_temple_figure_zero

Skill      XL: |  1  2  3  4  5  6  7  8 |
---------------+-------------------------+-----
Spellcasting   | 3 4 5 6 |  6.6
Necromancy     | 5 6 7 8 |  8.0
Maces & Flails | 4 |  4.6
Dodging        | |  1.5
Stealth        | |  1.5

Action                   |  1- 3 |  4- 6 |  7- 9 || total
-------------------------+-------+-------+-------++-------
Melee: Unarmed           |    15 |       |       ||    15
       Short sword       |    57 |    24 |       ||    81
       Flail             |       |     3 |       ||     3
       Morningstar       |       |       |   101 ||   101
 Cast: Pain              |    52 |    72 |   138 ||   262
       Vampiric Draining |       |     6 |    10 ||    16
  Use: Scroll            |     2 |     3 |     4 ||     9
 Stab: Sleeping          |     1 |     2 |     1 ||     4
Armor: Robe              |    26 |     9 |    23 ||    58
Dodge: Dodged            |    61 |    32 |   109 ||   202
